 Dungeon Sprint DCSS version 0.27-a0-103-g6cd7b45605 (webtiles) character file.

Game seed: 13204366094656990678

95 mhtbhm the Shield-Bearer (level 4, -2/44 HPs)
             Began as a Minotaur Fighter on Jan 24, 2021.
             Was an Initiate of Gozag.
             Slain by a sky beast (6 damage)
             ... in the Dungeon (Sprint IX: "|||||||||||||||||||||||||||||").
             The game lasted 00:00:49 (331 turns).

mhtbhm the Shield-Bearer (Minotaur Fighter)          Turns: 331, Time: 00:00:49

Health: -2/44      AC: 12    Str: 25    XL:     4   Next: 40%
Magic:  3/3        EV:  9    Int:  5    God:    Gozag
Gold:   0          SH: 11    Dex:  9    Spells: 3/3 levels left

rFire    . . .     SeeInvis .   a - +0 flail
rCold    . . .     Faith    .   c - +0 kite shield
rNeg     . . .     Spirit   .   b - +1 scale mail
rPois    .         Reflect  .   (helmet restricted)
rElec    .         Harm     .   o - +0 cloak
rCorr    .         Rampage  .   (no gloves)
Will     .....     NoTele   +   (no boots)
Stlth    ..........             (no amulet)
HPRegen  0.14/turn              p - +3 ring of strength
MPRegen  0.08/turn              q - +2 ring of protection

@: gold aura
A: retaliatory headbutt, horns 2
a: Renounce Religion, Potion Petition, Call Merchant, Bribe Branch


You were in the Dungeon.
You worshipped Gozag.
Gozag was noncommittal.
You visited 1 branch

Inventory:

Hand Weapons
 a - a +0 flail (weapon)
Armour
 b - a +1 scale mail (worn)
 c - a +0 kite shield (worn)
 o - a +0 cloak (worn)
Jewellery
 p - a +3 ring of strength (left hand)
 q - a +2 ring of protection (right hand)
Wands
 n - a wand of acid (10)
Scrolls
 j - 2 scrolls of blinking
 l - 3 scrolls of remove curse
 m - 2 scrolls of amnesia
Potions
 d - a potion of might
 e - a potion of invisibility
 f - 3 potions of heal wounds
 g - a potion of haste
 h - 4 potions of magic
 i - a potion of berserk rage
 k - 2 potions of curing


   Skills:
 + Level 6.1 Fighting
 + Level 5.0 Maces & Flails
 + Level 6.4 Armour
 + Level 1.4 Dodging
 + Level 0.3 Stealth
 + Level 6.7 Shields


You had 3 spell levels left.
You didn't know any spells.
Your spell library was empty.

Dungeon Overview and Level Annotations

Branches:
Dungeon (1/1)

Altars:
Cheibriados
Dithmenos
Elyvilon
Fedhas
Gozag
Hepliaklqana
Kikubaaqudgha
Makhleb
Nemelex Xobeh
Okawaru
Qazlal
Ru
Sif Muna
Trog
Uskayaw
Vehumet
Wu Jian
Xom
Yredelemnul
Zin
The Shining One
Beogh
Jiyva
Lugonu


Innate Abilities, Weirdness & Mutations

You reflexively headbutt those who attack you in melee.
You have a pair of horns on your head.


Message History

* * * LOW HITPOINT WARNING * * *
Something shocks you.
* * * LOW HITPOINT WARNING * * *
The leopard gecko becomes distracted by the nearby gold, dreaming of imaginary riches.
You miss something.
The leopard gecko hisses angrily.
A sky beast appears from thin air!
Reactivating autopickup.
The sky beast barely misses you.
The bat skeleton becomes distracted by the nearby gold, dreaming of imaginary riches.
You miss the sky beast. Your headbutt misses the sky beast.
The sky beast is heavily wounded.
The bat skeleton is no longer distracted by gold.
The sky beast flickers out of sight!
Deactivating autopickup; reactivate with Ctrl-A.
Something hits you.
* * * LOW HITPOINT WARNING * * *
Something shocks you.
You die...
Your body crumbles into a pile of gold.

▓.▓
$
▓.▓
$
▓.▓
$ $
▓.▓
$
▓Z▓
$
▓l▓
▓{▓
$
▓@▓
$
▓.▓
$
▓.▓
▓[▓
$
▓.▓
▓.▓
$
▓)▓
$
▓.▓
$
▓.▓
$


You could see a leopard gecko and a bat skeleton.

Vanquished Creatures
  A killer bee (D)
  A worker ant (D)
  A white imp (D)
  An ooze (D)
  An adder zombie (D)
  A leopard gecko (D)
  3 orcs (D)
  A bat zombie (D)
  A giant cockroach (D)
  A kobold (D)
  A rat (D)
13 creatures vanquished.

Notes
Turn   | Place    | Note
-------+----------+-------------------------------------------
     0 | D        | mhtbhm the Minotaur Fighter began the quest for the Orb.
     0 | D        | Reached XP level 1. HP: 19/19 MP: 0/0
    15 | D        | Reached XP level 2. HP: 28/28 MP: 1/1
   103 | D        | Reached skill level 5 in Fighting
   103 | D        | Reached skill level 5 in Armour
   103 | D        | Reached skill level 5 in Shields
   108 | D        | Reached XP level 3. HP: 12/36 MP: 2/2
   118 | D        | Found a roughly hewn altar of Beogh.
   118 | D        | Found a snail-covered altar of Cheibriados.
   118 | D        | Found a shadowy altar of Dithmenos.
   118 | D        | Found a white marble altar of Elyvilon.
   118 | D        | Found a blossoming altar of Fedhas.
   118 | D        | Found an opulent altar of Gozag.
   119 | D        | Found a hazy altar of Hepliaklqana.
   120 | D        | Found a viscous altar of Jiyva.
   121 | D        | Found an ancient bone altar of Kikubaaqudgha.
   122 | D        | Found a corrupted altar of Lugonu.
   123 | D        | Found a burning altar of Makhleb.
   124 | D        | Found a sparkling altar of Nemelex Xobeh.
   125 | D        | Found an iron altar of Okawaru.
   126 | D        | Found a stormy altar of Qazlal.
   127 | D        | Found a sacrificial altar of Ru.
   128 | D        | Found a shimmering blue altar of Sif Muna.
   129 | D        | Found a bloodstained altar of Trog.
   136 | D        | Became a worshipper of Gozag Ym Sagoz the Greedy
   141 | D        | Found a hide-covered altar of Uskayaw.
   142 | D        | Found a radiant altar of Vehumet.
   143 | D        | Found an ornate altar of the Wu Jian Council.
   144 | D        | Found a shimmering altar of Xom.
   145 | D        | Found a basalt altar of Yredelemnul.
   146 | D        | Found a glowing silver altar of Zin.
   147 | D        | Found a glowing golden altar of the Shining One.
   303 | D        | Noticed a sky beast
   303 | D        | Noticed a killer bee
   320 | D        | Killed a killer bee
   321 | D        | Reached skill level 1 in Dodging
   321 | D        | Reached XP level 4. HP: 18/44 MP: 3/3
   327 | D        | Reached skill level 5 in Maces & Flails
   331 | D        | Slain by a sky beast

Illustrated notes

Levels and vault maps discovered:
D:        linesprint [early_d, line_temple, items_1, d_10, items_2, lair_1,
          lair_end, items_3, orc_1, orc_end, items_4, d_15, swamp_1, shoals_1,
          snake_1, spider_1, d_20, vaults_1, items_5, swamp_end, shoals_end,
          snake_end, spider_end, vaults_end, d_27, items_6, zot_1, zot_end,
          crypt_end, forest_end, elf_end, slime_end, tomb_end, abyss_end,
          pan_hell_end]

Skill      XL: |  1  2  3  4 |
---------------+-------------+-----
Fighting       | 4 5 6 |  6.1
Armour         | 4 5 6 |  6.4
Shields        | 4 5 6 |  6.7
Maces & Flails | 3 4 5 |  5.0
Dodging        | 1 |  1.4
Stealth        | |  0.3

Action                   |  1- 3 |  4- 6 || total
-------------------------+-------+-------++-------
Melee: Flail             |    44 |    10 ||    54
       Headbutt          |     7 |     4 ||    11
  Use: Potion            |     2 |     1 ||     3
 Stab: Distracted        |     1 |       ||     1
Armor: Scale mail        |    16 |     1 ||    17
Dodge: Dodged            |    11 |     2 ||    13
Block: Kite shield       |    33 |     2 ||    35

Table legend: (Time is in decaauts)
 A = Elapsed time spent in this place.
 B = Non-inter-level travel time spent in this place.
 C = Inter-level travel time spent in this place.
 D = Time resting spent in this place.
 E = Time spent auto-exploring this place.
 F = Levels seen in this place.
 G = Mean time per level.
                   A        B        C        D        E       F      G
               +--------+--------+--------+--------+--------+-----+--------+
         Total |    344 |    344 |      0 |    176 |      3 |   1 |  344.0 |
       Dungeon |    344 |    344 |      0 |    176 |      3 |   1 |  344.0 |
               +--------+--------+--------+--------+--------+-----+--------+

Top non-repeatable levels by time:
       D: 344 daAuts
